cohdb
Replays
Latest Replays
All Replays
Popular Replays
Top Player Replays
Match Explorer
How It Works
Community
CoH3 Stats
Reddit
Sign in to upload your games and track your stats! →
Sign in with Steam
Match 44798771
Unlisted
Match 44798771
Overview
Messages
Build Orders
End
Kettenkrad Recon Vehicle
Construct Infanterie Kompanie
Selects Mechanized Battlegroup
MG 42 Machine Gun Team
Grenadier Squad
Grenadier Squad
Grenadier Squad
Selects Spotting Scopes
Grenadier Squad
Construct Panzergrenadier Kompanie
251 Medium Carrier
Pioneer Squad
Selects Wespe Self-propelled Artillery
Medical Bunker
Pak 40 Anti-tank Gun Team
Selects Raid Package
Pak 40 Anti-tank Gun Team
Pioneer Squad
Forward Retreat Point
Construct Panzer Kompanie
Selects 8 Rad Armored Car
Selects UNKNOWN (2160084)
Selects Zeroing Artillery Barrage
Grenadier Squad
Wespe Self-propelled Artillery
Zeroing Artillery Barrage
Grenadier Squad
Infanterie Officer Quarters
Grenadier Squad
Medical Bunker
Panther Heavy Tank
Amon Sapkowski
BanditoDescondanito
Bran
Dillbro
0
0
Comments
sign in to comment!
No comments posted yet!